 Dungeon Crawl Stone Soup version 0.25.1-2-g60ff931df9 (webtiles) character file.

Game seed: 4428955863609939020

498 Fallenstar the Chopper (level 6, -1/56 HPs)
             Began as a Minotaur Fighter on Sept 8, 2020.
             Killed from afar by an orc wizard (6 damage)
             ... with a puff of flame
             ... on level 5 of the Dungeon.
             The game lasted 00:08:37 (3286 turns).

Fallenstar the Chopper (Minotaur Fighter)           Turns: 3286, Time: 00:08:38

Health: -1/56      AC:  7    Str: 22      XL:     6   Next: 94%
Magic:  5/5        EV:  8    Int:  3 (5)  God:
Gold:   143        SH: 10    Dex:  8 (10) Spells: 5/5 levels left

rFire    . . .     SeeInvis .   a - +0 war axe
rCold    . . .     Gourm    .   c - +0 kite shield
rNeg     . . .     Faith    .   b - +0 scale mail
rPois    .         Spirit   .   (helmet restricted)
rElec    .         Reflect  .   (no cloak)
rCorr    .         Harm     .   (no gloves)
MR       .....                  (no boots)
Stlth    ..........             (no amulet)
HPRegen  0.18/turn              (no ring)
MPRegen  0.09/turn              (no ring)

@: no status effects
A: retaliatory headbutt, horns 2
a: no special abilities


You were on level 5 of the Dungeon.
You were not hungry.

You visited 1 branch of the dungeon, and saw 5 of its levels.

You collected 143 gold pieces.

Inventory:

Hand Weapons
 a - a +0 war axe (weapon)
Armour
 b - a +0 scale mail (worn)
 c - a +0 kite shield (worn)
Jewellery
 l - an uncursed ring of magical power
Scrolls
 h - a scroll of magic mapping
 j - 5 scrolls of identify
Potions
 n - a potion of magic
Comestibles
 d - 7 chunks of flesh
 f - 3 rations


   Skills:
 + Level 5.0 Fighting
 + Level 5.9 Axes
 + Level 5.5 Armour
 - Level 0.3 Dodging
 + Level 5.3 Shields


You had 5 spell levels left.
You didn't know any spells.
Your spell library was empty.

Dungeon Overview and Level Annotations

Branches:
Dungeon (5/15)
 Temple: D:4-7

Altars:
Dithmenos
Okawaru
Trog
Vehumet

Shops:
D:4 !

Annotations:
D:4 Pikel


Innate Abilities, Weirdness & Mutations

You reflexively headbutt those who attack you in melee.
You have a pair of horns on your head.


Message History

You barely miss something. You headbutt something. You miss something.
Your headbutt misses something. Something hits you but does no damage.
Something completely misses you.
You closely miss something. You block something's attack.
Your shield and scale mail prevent you from hitting something.
Something hits you but does no damage.
You barely miss something. You headbutt something.
Something hits you but does no damage. x2
You barely miss something.
An orc wizard appears from thin air!
Reactivating autopickup.
You block the orc wizard's attack.
You barely miss the orc wizard. Your headbutt misses the orc wizard.
The orc wizard hits you but does no damage.
You closely miss the orc wizard. Your headbutt misses the orc wizard.
The orc wizard hits you but does no damage.
You miss the orc wizard. You headbutt the orc wizard!
The orc wizard is heavily wounded.
The orc wizard points at you and mumbles some strange words.
The puff of flame hits you.
You die...

#.#
#.#
#.#
#.#
#S#
#o#
#o#
#@#
###


You could see an orc wizard, an adder and an orc.

Vanquished Creatures
  A slave (D:3)
  3 ogres
  A scorpion (D:3)
  A worker ant (D:4)
  Robin (D:4)
  4 gnolls
  3 adders
  6 worms
  A dart slug (D:1)
  3 leopard geckos (D:3)
  An orc (D:3)
  2 ball pythons
  6 giant cockroaches
  15 goblins
  8 hobgoblins
  2 jackals (D:3)
  6 kobolds (D:3)
  7 bats
  2 frilled lizards
  A leopard gecko skeleton (D:4)
  9 rats
83 creatures vanquished.

Notes
Turn   | Place    | Note
-------+----------+-------------------------------------------
     0 | D:1      | Fallenstar the Minotaur Fighter began the quest for the
                  | Orb.
     0 | D:1      | Reached XP level 1. HP: 19/19 MP: 0/0
   243 | D:1      | Reached XP level 2. HP: 27/27 MP: 1/1
   788 | D:2      | Reached XP level 3. HP: 33/33 MP: 2/2
  1202 | D:2      | Found a radiant altar of Vehumet.
  1503 | D:3      | Reached XP level 4. HP: 38/41 MP: 3/3
  2108 | D:3      | Found a bloodstained altar of Trog.
  2154 | D:3      | Reached XP level 5. HP: 47/47 MP: 4/4
  2489 | D:4      | Noticed Robin
  2493 | D:4      | Killed Robin
  2495 | D:4      | Noticed a phantom
  2511 | D:4      | Noticed an ogre
  2516 | D:4      | Noticed a slave
  2516 | D:4      | Noticed a slave
  2528 | D:3      | Killed an ogre
  2530 | D:3      | Reached skill level 5 in Axes
  2530 | D:3      | Reached skill level 5 in Armour
  2530 | D:3      | Reached skill level 5 in Shields
  2530 | D:3      | Reached XP level 6. HP: 34/55 MP: 5/5
  2821 | D:4      | Noticed Pikel
  2823 | D:4      | Noticed a slave
  2841 | D:3      | Killed a slave
  3060 | D:4      | Found an iron altar of Okawaru.
  3081 | D:4      | Reached skill level 5 in Fighting
  3231 | D:4      | Noticed a slave
  3255 | D:4      | Found a shadowy altar of Dithmenos.
  3262 | D:4      | HP: 2/56 [gnoll/+0 halberd (3)]
  3269 | D:4      | Found Woeneo's Distillery.
  3276 | D:5      | Entered Level 5 of the Dungeon
  3286 | D:5      | Killed from afar by an orc wizard

Illustrated notes

Levels and vault maps discovered:
D:1:      dpeg_arrival_rooms_a, layout_loops_ring
D:2:      layout_loops_ring, overflow_temple_1_default, first_ration
D:3:      layout_loops_ring, trog_hazing_becter
D:4:      layout_basic, okawaru_ov_weapons_minmay, tgw_xom,
          grunt_dithmenos_smoke, serial_shops, shop, minivault_23, uniq_pikel,
          uniq_robin
D:5:      layout_basic, basic_altar, minmay_manual_moon, uniq_eustachio

Skill      XL: |  1  2  3  4  5  6 |
---------------+-------------------+-----
Fighting       | 4 5 |  5.0
Armour         | 4 5 |  5.5
Shields        | 4 5 |  5.3
Axes           | 3 4 5 |  5.9
Dodging        | |  0.3

Action                   |  1- 3 |  4- 6 || total
-------------------------+-------+-------++-------
Melee: War axe           |    76 |   150 ||   226
       Headbutt          |    13 |    28 ||    41
  Use: Scroll            |       |     8 ||     8
       Potion            |       |     8 ||     8
  Eat: Chunk             |     2 |     4 ||     6
       Ration            |       |     1 ||     1
Armor: Scale mail        |    33 |    55 ||    88
Dodge: Dodged            |    14 |    54 ||    68
Block: Kite shield       |    25 |   108 ||   133
